 Dungeon Crawl Stone Soup version 0.30-a0-373-gd37427bb62 (webtiles) character file.

Game seed: 11899465197323231733

252 Shayle the Chopper (level 5, -1/34 (41) HPs)
             Began as a Demonspawn Reaver on Nov 23, 2022.
             Slain by a gnoll bouda
             ... wielding a +0 club
              (8 damage)
             ... on level 4 of the Dungeon.
             The game lasted 00:07:40 (2678 turns).

Shayle the Chopper (Demonspawn Reaver)              Turns: 2678, Time: 00:07:41

HP:   -1/34 (41)    AC:  7    Str: 13    XL:     5   Next: 89%
MP:   8/8           EV: 12    Int: 16    God:
Gold: 169           SH:  5    Dex: 11    Spells: 4/8 levels left

rFire   + . .      SeeInvis .    a - +1 hand axe
rCold   . . .      Faith    .    (no shield)
rNeg    . . .      Spirit   .    h - +0 troll leather armour
rPois   .          Reflect  +    (no helmet)
rElec   .          Harm     .    (no cloak)
rCorr   .          Rampage  .    j - +2 pair of gloves
Will    .....                    (no boots)
Stlth   ++........               f - amulet of reflection
HPRegen 1.05/turn                m - ring of protection from fire
MPRegen 0.11/turn                (no ring)

@: flying, heavily drained
A: hooves 1, spiny 1
a: no special abilities


You were on level 4 of the Dungeon.
You visited 1 branch of the dungeon, and saw 4 of its levels.

You collected 169 gold pieces.

Inventory:

Hand Weapons
 a - a +1 hand axe (weapon)
Armour
 b - a +0 leather armour
 h - a +0 troll leather armour (worn)
 j - a +2 pair of gloves (worn)
Jewellery
 f - an amulet of reflection (around neck)
 m - a ring of protection from fire (left hand)
Scrolls
 c - a scroll of teleportation
 d - 2 scrolls of vulnerability
 n - a scroll of poison
Potions
 e - a potion of curing
 g - 2 potions of attraction


   Skills:
 + Level 3.1 Fighting
 + Level 3.5 Axes
 + Level 3.0 Dodging
 + Level 2.3 Stealth
 + Level 2.4 Spellcasting
 + Level 3.3 Conjurations
 + Level 1.0 Ice Magic


You had 4 spell levels left.
You knew the following spells:

 Your Spells              Type           Power      Damage    Failure   Level
a - Kiss of Death         Conj/Necr      28%        2d7       13%         1
b - Hailstorm             Conj/Ice       8%         3d4       30%         3

Your spell library contained the following spells:

 Spells                   Type           Power      Damage    Failure   Level
 Momentum Strike          Conj/Tloc      14%        3d8       19%         2


Dungeon Overview and Level Annotations

Branches:
Dungeon (4/15)
 Temple: D:4-7

Altars:
Cheibriados
Xom


Innate Abilities, Weirdness & Mutations

You have large cloven feet.
You are partially covered in sharp spines.


Message History

The gnoll bouda hits you with a +0 club!
The gnoll hits you with a +0 club. You block the gnoll's attack.
The gnoll completely misses you.
You closely miss the gnoll bouda. Your kick misses the gnoll bouda.
You hit the gnoll. You barely miss the gnoll. You hit the gnoll.
The gnoll hits you with a +2 whip of draining.
You feel drained. The gnoll bouda misses you. You block the gnoll's attack.
The gnoll is struck by your spines. The gnoll closely misses you.
The gnoll misses you.
Unknown command.
You barely miss the gnoll bouda. You hit the gnoll.
You kill the gnoll!
You hit the gnoll. You closely miss the gnoll. The gnoll bouda misses you.
The gnoll is struck by your spines. The gnoll hits you but does no damage.
The gnoll hits you with a +2 whip of draining.
You feel drained. The gnoll closely misses you.
Unknown command.
You closely miss the gnoll bouda.
You kick the gnoll bouda, but do no damage.
You closely miss the gnoll. You hit the gnoll but do no damage.
Your attacks no longer feel as feeble.
You block the gnoll bouda's attack. The gnoll is struck by your spines.
The gnoll hits you with a +0 whip.
The gnoll hits you from afar with a +0 spear.
The gnoll hits you with a +2 whip of draining.
You feel drained.
It was a potion of curing.
You feel better.
The gnoll bouda hits you with a +0 club!
* * * LOW HITPOINT WARNING * * *
The gnoll hits you but does no damage.
The gnoll hits you from afar with a +0 spear.
* * * LOW HITPOINT WARNING * * *
The gnoll is struck by your spines.
You kill the gnoll!
Okay, then.
It was a potion of flight.
You feel very buoyant.
You fly up into the air.
The gnoll bouda hits you with a +0 club!
You die...

........#...#.#..#..........
#...#..##...........###.....
#.###.####.<.#.......##.....
... ... ....##.............
# ... ...###..........[..
..............##...
...........#### #.
..............#
......)@g.....#
.....Jg..#....#
.......g.###.## ..........
## ......###.. . ...... ...
### ...... #### .. ....#.
##### ..


You could see a gnoll bouda, 2 gnolls and an endoplasm.

Vanquished Creatures
  Jessica (D:3)
  An iguana (D:2)
  5 gnolls
  4 adders
  2 worms
  A dart slug (D:1)
  9 orcs
  4 ball pythons
  10 bats
  9 endoplasms
  A giant cockroach (D:1)
  8 goblins
  6 hobgoblins
  13 jackals
  5 quokkas
  3 frilled lizards
  7 kobolds
  4 rats
93 creatures vanquished.

Vanquished Creatures (others)
  A plant (D:3)
1 creature vanquished.

Grand Total: 94 creatures vanquished

Notes
Turn   | Place    | Note
-------+----------+-------------------------------------------
     0 | D:1      | Shayle the Demonspawn Reaver began the quest for the Orb.
     0 | D:1      | Reached XP level 1. HP: 16/16 MP: 3/3
   161 | D:1      | Gained mutation: You are partially covered in sharp spines.
                  | [demonic ancestry]
   161 | D:1      | Reached XP level 2. HP: 22/22 MP: 5/5
   282 | D:1      | Reached skill level 1 in Stealth
   525 | D:1      | Reached XP level 3. HP: 28/28 MP: 6/6
  1210 | D:2      | Reached XP level 4. HP: 23/34 MP: 7/7
  1409 | D:2      | Learned a level 3 spell: Hailstorm
  1559 | D:2      | Gained mutation: You have large cloven feet. [demonic
                  | ancestry]
  1559 | D:2      | Reached XP level 5. HP: 40/40 MP: 8/8
  1999 | D:3      | Found a faded altar of an unknown god.
  2130 | D:3      | Noticed Jessica
  2136 | D:3      | Killed Jessica
  2549 | D:4      | Reached skill level 1 in Ice Magic
  2580 | D:4      | Found a snail-covered altar of Cheibriados.
  2606 | D:4      | Found a shimmering altar of Xom.
  2678 | D:4      | Slain by a gnoll bouda

Illustrated notes

Levels and vault maps discovered:
D:1:      wander_arrival_peaceful_grave, layout_loops_corners
D:2:      layout_basic
D:3:      layout_loops_ring, dreamdust_ecumenical_altar_grove, uniq_jessica
D:4:      layout_cave_pools, nicolae_ru_path_of_blood,
          nicolae_overflow_crystal_walls, mainiacjoe_overflow_alcove_4,
          xom_butterflies, chequers_avenue

Skill      XL: |  1  2  3  4  5 |
---------------+----------------+-----
Dodging        | 2 3 |  3.0
Stealth        | 1 2 |  2.3
Axes           | 3 |  3.5
Fighting       | 3 |  3.1
Ice Magic      | 1 |  1.0
Spellcasting   | |  2.4
Conjurations   | |  3.3

Action                   |  1- 3 |  4- 6 || total
-------------------------+-------+-------++-------
Melee: Hand axe          |    88 |    99 ||   187
       Kick              |       |    12 ||    12
       Punch             |       |     1 ||     1
  Use: Scroll            |       |    12 ||    12
       Potion            |       |     2 ||     2
 Stab: Sleeping          |     2 |     3 ||     5
Armor: Leather armour    |    30 |    20 ||    50
       Troll leather arm |       |     2 ||     2
Dodge: Dodged            |    52 |    66 ||   118
Block: Other             |       |    28 ||    28

Table legend: (Time is in decaauts)
 A = Elapsed time spent in this place.
 B = Non-inter-level travel time spent in this place.
 C = Inter-level travel time spent in this place.
 D = Time resting spent in this place.
 E = Time spent auto-exploring this place.
 F = Levels seen in this place.
 G = Mean time per level.
                   A        B        C        D        E       F      G
               +--------+--------+--------+--------+--------+-----+--------+
         Total |   2702 |   2621 |     81 |    109 |   1793 |   4 |  675.5 |
       Dungeon |   2702 |   2621 |     81 |    109 |   1793 |   4 |  675.5 |
               +--------+--------+--------+--------+--------+-----+--------+

Top non-repeatable levels by time:
     D:1: 1006 daAuts
     D:2: 933 daAuts
     D:3: 620 daAuts
     D:4: 142 daAuts
